 Dungeon Crawl Stone Soup version 0.24.0-37-gcf1ca852f1 (webtiles) character file.

Game seed: 14518468656626262119, levelgen mode: deterministic

525 PentaManta the Ruffian (level 7, -1/70 HPs)
             Began as a Troll Chaos Knight on Dec 5, 2019.
             Was an Initiate of Gozag.
             Slain by a gnoll
             ... wielding a +0 spear
              (5 damage)
             ... on level 5 of the Dungeon.
             The game lasted 00:05:44 (2214 turns).

PentaManta the Ruffian (Troll Chaos Knight)         Turns: 2214, Time: 00:05:45

Health: -1/70      AC:  8    Str: 21    XL:     7   Next: 2%
Magic:  6/6        EV: 11    Int:  8    God:    Gozag
Gold:   139        SH:  0    Dex: 11    Spells: 6/6 levels left

rFire    . . .     SeeInvis .     - Unarmed
rCold    . . .     Gourm    +   (no shield)
rNeg     . . .     Faith    .   a - +2 robe
rPois    +         Spirit   .   (helmet restricted)
rElec    .         Reflect  .   (no cloak)
rCorr    .         Harm     .   (gloves unavailable)
MR       .....     Clarity  +   (boots unavailable)
Stlth    +.........             (no amulet)
HPRegen  0.61/turn              n - ring of poison resistance
MPRegen  0.10/turn              (no ring)

@: gold aura
A: large, unfitting armour, claws 3, clarity, deterioration 2, fast metabolism
3, gourmand, regeneration 1, shaggy fur 1, tough skin 3
a: Potion Petition, Call Merchant, Bribe Branch, Renounce Religion


You were on level 5 of the Dungeon.
You worshipped Gozag.
Gozag was aware of your devotion.
You were not hungry.

You visited 1 branch of the dungeon, and saw 5 of its levels.

You collected 214 gold pieces.
You paid 75 gold pieces to Gozag.

Inventory:

Armour
 a - a +2 robe (worn)
Jewellery
 n - a ring of poison resistance (left claw)
 s - a +2 ring of evasion {unknown}
Scrolls
 c - a scroll of fear
 i - 2 scrolls of identify
 o - a scroll of enchant armour {unknown}
 p - a scroll of amnesia {unknown}
 r - a scroll of noise {unknown}
 t - 4 scrolls of remove curse
 u - a scroll of teleportation {unknown}
Potions
 d - 2 potions of heal wounds
 e - 3 potions of haste {unknown}
 f - a potion of agility {unknown}
 g - a potion of brilliance {unknown}
 h - a potion of might {unknown}
 j - 2 potions of curing {unknown}
 k - 2 potions of flight {unknown}
 l - a potion of invisibility {unknown}
 m - a potion of mutation {unknown}
 q - 2 potions of lignification {unknown}
Comestibles
 b - 8 rations


   Skills:
 + Level 4.2 Fighting
 + Level 4.0 Dodging
 + Level 5.2 Unarmed Combat


You had 6 spell levels left.
You didn't know any spells.
Your spell library was empty.

Dungeon Overview and Level Annotations

Branches:
Dungeon (5/15)
 Temple: D:4-7

Altars:
Gozag
Zin


Innate Abilities, Weirdness & Mutations

You are too large for most types of armour.
You have claws for hands.
Your metabolism is lightning-fast.
You like to eat raw meat.
Your natural rate of healing is unusually fast.
You are covered in fur. (AC +1)
You have extremely tough skin. (AC +3)
You possess an exceptional clarity of mind.
Your body often deteriorates upon taking damage.


Message History

The quokka barely misses you. The gnoll hits you.
* * * LOW HITPOINT WARNING * * *
You barely miss the gnoll.
The gnoll is severely wounded.
The gnoll closely misses you.
The quokka bites you but does no damage.
You claw the gnoll!
You kill the gnoll!
The quokka closely misses you.
The gnoll hits you from afar with a +0 spear!
* * * LOW HITPOINT WARNING * * *
You closely miss the wyvern. You claw the wyvern!
The wyvern is moderately wounded.
The wyvern becomes distracted by the nearby gold, dreaming of imaginary riches.
The quokka bites you.
* * * LOW HITPOINT WARNING * * *
The gnoll hits you from afar with a +0 spear.
You die...
Xom snickers!
Your body crumbles into a pile of gold.

#..........)## $
.............#
#......>.
............##
#$.......
............#
#........
............#
#......#
............##
#.....#
.............##
#.g..#
..............###ro.#
................@l#
..........#.....$##
.................#
#................#
##...............#
##.............##
####..#.........#
...####.........#
................#


You could see a wyvern (unaware), a gnoll, an orc and a quokka.

Vanquished Creatures
  A gnoll sergeant (D:5)
  3 orc priests
  3 jellies (D:3)
  An orc wizard (D:3)
  A worker ant (D:5)
  A hound skeleton (D:3)
  3 gnolls (D:5)
  3 adders (D:3)
  9 oozes (D:3)
  An adder zombie (D:5)
  2 worms (D:2)
  3 dart slugs
  4 leopard geckos
  12 orcs
  2 bats
  A giant cockroach (D:1)
  9 goblins
  12 hobgoblins
  5 jackals
  16 kobolds
  A quokka (D:3)
  A ball python (D:3)
  5 frilled lizards
  A jackal zombie (D:2)
  13 rats
113 creatures vanquished.

Vanquished Creatures (others)
  2 fungi (D:3)
  6 toadstools (D:3)
8 creatures vanquished.

Grand Total: 121 creatures vanquished

Notes
Turn   | Place    | Note
-------+----------+-------------------------------------------
     0 | D:1      | PentaManta the Troll Chaos Knight began the quest for the
                  | Orb.
     0 | D:1      | Reached XP level 1. HP: 22/22 MP: 0/0
    52 | D:1      | Reached XP level 2. HP: 26/29 MP: 1/1
   429 | D:2      | Reached XP level 3. HP: 28/36 MP: 2/2
   646 | D:2      | XOM: silly message
   683 | D:2      | XOM: divination: detect creatures
   692 | D:2      | XOM: silly message
   749 | D:2      | XOM: give mutation
   749 | D:2      | Gained mutation: You possess an exceptional clarity of
                  | mind. [Xom's grace]
   787 | D:2      | Found a glowing silver altar of Zin.
   788 | D:2      | Found an opulent altar of Gozag.
   957 | D:3      | Reached XP level 4. HP: 45/45 MP: 3/3
   981 | D:3      | Reached skill level 4 in Unarmed Combat
  1182 | D:3      | Reached XP level 5. HP: 42/53 MP: 4/4
  1399 | D:3      | XOM: harmless Conj miscast
  1707 | D:3      | XOM: summons 2 hostile demons
  1807 | D:3      | Reached XP level 6. HP: 41/62 MP: 5/5
  2060 | D:5      | Entered Level 5 of the Dungeon
  2063 | D:5      | Found an opulent altar of Gozag.
  2071 | D:5      | Fell from the grace of Xom
  2071 | D:5      | Became a worshipper of Gozag Ym Sagoz the Greedy
  2080 | D:5      | XOM: give mutations
  2080 | D:5      | Gained mutation: Your body sometimes deteriorates upon
                  | taking damage. [Xom's mischief]
  2080 | D:5      | Gained mutation: Your body often deteriorates upon taking
                  | damage. [Xom's mischief]
  2186 | D:5      | Noticed a wyvern
  2187 | D:5      | Reached skill level 5 in Unarmed Combat
  2210 | D:5      | Reached XP level 7. HP: 19/70 MP: 6/6
  2214 | D:5      | Slain by a gnoll

Levels and vault maps discovered:
D:1:      psy_arrival_terrarium, layout_rooms
D:2:      layout_rooms, grunt_temple_overflow_gold_and_silver
D:3:      cheibrodos_fertilizer, layout_basic
D:4:      layout_basic, uniq_menkaure
D:5:      layout_cave_pods, first_ration, grunt_gozag_statues

Skill      XL: |  1  2  3  4  5  6 |
---------------+-------------------+-----
Dodging        | 2 3 4 |  4.0
Fighting       | 3 4 |  4.2
Unarmed Combat | 4 5 |  5.2

Action                   |  1- 3 |  4- 6 |  7- 9 || total
-------------------------+-------+-------+-------++-------
Melee: Unarmed           |   112 |   177 |     4 ||   293
       Punch             |       |     6 |     1 ||     7
  Use: Scroll            |     6 |       |       ||     6
 Stab: Sleeping          |     1 |       |       ||     1
  Eat: Chunk             |     5 |     9 |       ||    14
       Ration            |       |     1 |       ||     1
Armor: Robe              |    49 |    73 |     1 ||   123
Dodge: Dodged            |    53 |   123 |     5 ||   181
